 Dungeon Crawl Stone Soup version 0.32-a0-481-g9ce6b883f8 (webtiles) character file.

Game seed: 17539275031119866410

32347 GordonOverkill the Frost Mage (level 13, -10/91 HPs)
             Began as a Spriggan Delver on Feb 26, 2024.
             Was an Elder of Vehumet.
             Killed from afar by Frances (19 damage)
             ... with an iron shot
             ... on level 14 of the Dungeon.
             The game lasted 00:46:12 (27308 turns).

GordonOverkill the Frost Mage (Spriggan Delver)    Turns: 27308, Time: 00:46:13

Health: -10/91     AC: 30    Str:  8    XL:     13   Next: 30%
Magic:  16/26      EV:  4    Int: 16    God:    Vehumet [****..]
Gold:   862        SH:  0    Dex: 17    Spells: 7/28 levels left

rFire   + . .        Z - staff "Killer Klown's Bane" {rF+ rN++ Conj Fire}
rCold   . . .        (shield currently unavailable)
rNeg    + + .        O - melded +1 steam dragon scales
rPois   +            C - melded +2 hat
rElec   .            T - melded scarf {rC+ rF+}
rCorr   .            (gloves unavailable)
SInv    +            (boots unavailable)
Will    ++...        A - amulet of the acrobat
Stlth   ++++         j - +4 ring of protection
HPRegen 0.35/turn    M - +5 ring of evasion
MPRegen 0.20/turn

%: acrobat
@: tree-form
A: stationary, stasis, torment immunity, boosted hp, very small, no large
weapons, unfitting armour, see invisible, (speed 3)
a: Renounce Religion


You were on level 14 of the Dungeon.
You worshipped Vehumet.
Vehumet was greatly pleased with you.
You were a tree.
You visited 2 branches of the dungeon, and saw 15 of its levels.
You also visited: Ice Cave.

You collected 1042 gold pieces.
You spent 180 gold pieces at shops.

Inventory:

Hand Weapons
 o - a +1 dagger of protection
 u - the +8 mace "Ixen" {freeze, *Corrode +Blink rPois Str+5}
   (You found it on level 3 of the Dungeon)

   Str+5:     It affects your strength (+5).
   rPois:     It protects you from poison +Blink: It lets you blink.
   *Corrode:  It may corrode you when you take damage.
Missiles
 y - 34 poisoned darts (quivered)
 J - 6 curare-tipped darts
 P - 2 throwing nets
Armour
 C - a +2 hat (melded)
 O - +1 steam dragon scales (melded)
 T - a scarf of resistance (melded)
Magical Staves
 Y - a staff of fire
 Z - the staff "Killer Klown's Bane" (weapon) {rF+ rN++ Conj Fire}
   (You found it in an ice cave)

   [staff of fire]

   Base accuracy: +5 Base damage: 5 Base attack delay: 1.2 This weapon's minimum
   attack delay (0.6) is reached at skill level 12.
   rF+:       It protects you from fire.
   rN++:      It greatly protects you from negative energy.
   Conj:      It increases the power of your Conjurations spells.
   Fire:      It increases the power of your Fire spells.
   It falls into the 'Staves' category.
   It is a two-handed weapon.
Jewellery
 e - an amulet of regeneration
 j - a +4 ring of protection (left branch)
 A - an amulet of the acrobat (around neck)
 L - a ring of protection from fire
 M - a +5 ring of evasion (right branch)
Wands
 a - a wand of quicksilver (1)
 g - a wand of digging (14)
 x - a wand of flame (35)
 z - a wand of polymorph (25)
 B - a wand of paralysis (20)
 H - a wand of roots (3)
Scrolls
 c - 4 scrolls of fog
 d - a scroll of revelation
 h - 6 scrolls of teleportation
 n - 4 scrolls of vulnerability
 t - a scroll of enchant weapon
 D - a scroll of brand weapon
 I - 2 scrolls of immolation
 R - 2 scrolls of amnesia
Potions
 f - 4 potions of haste
 k - 4 potions of curing
 l - 4 potions of enlightenment
 m - 2 potions of ambrosia
 p - 3 potions of brilliance
 q - 6 potions of mutation
 r - a potion of attraction
 s - 4 potions of heal wounds
 v - 3 potions of might {unknown}
 G - a potion of cancellation
 S - 2 potions of berserk rage
 X - a potion of magic
Miscellaneous
 Q - a lightning rod (4/4)
 W - a condenser vane


   Skills:
 - Level 4.0 Fighting
 - Level 3.0 Short Blades
 - Level 4.0 Dodging
 - Level 7.2 Stealth
 - Level 8.0 Spellcasting
 - Level 7.0 Conjurations
 + Level 8.8 Fire Magic
 - Level 10.0 Ice Magic
 - Level 8.0 Air Magic
 - Level 7.0 Earth Magic
 - Level 2.0 Evocations


You had 7 spell levels left.
You knew the following spells:

 Your Spells              Type           Power      Damage    Failure   Level
a - Stone Arrow           Conj/Erth      86%        3d12      1%          3
b - Brom's Barrelling Bo  Conj/Erth      43%        2d6       1%          4
c - Freezing Cloud        Conj/Ice/Air   24%        6-21      3%          5
d - Passwall              Erth           29%        N/A       1%          3
e - Plasma Beam           Fire/Air       24%        2x1d36    16%         6

Your spell library contained the following spells:

 Spells                   Type           Power      Damage    Failure   Level
 Inner Flame              Hex/Fire       30%        N/A       1%          3
 Sandblast                Erth           58%        2d13      1%          1
 Sting                    Conj/Alch      100%       1d9       1%          1
 Mercury Vapours          Alch/Air       38%        N/A       1%          2
 Hailstorm                Conj/Ice       50%        3d10      1%          3
 Swiftness                Air            32%        N/A       1%          3
 Ensorcelled Hibernation  Hex/Ice        44%        N/A       2%          2
 Summon Ice Beast         Ice/Summ       22%        N/A       4%          3
 Arcjolt                  Conj/Air       22%        1d32      4%          5
 Ignite Poison            Fire/Alch      30%        N/A       5%          4
 Cigotuvi's Dreadful Rot  Necr/Alch/Air  28%        N/A       6%          2
 Apportation              Tloc           12%        N/A       11%         1
 Necrotise                Necr           24%        1d5       11%         1
 Summon Small Mammal      Summ           24%        N/A       11%         1
 Lesser Beckoning         Tloc           12%        N/A       17%         2
 Vhi's Electric Charge    Tloc/Air       38%        N/A       22%         4
 Bombard                  Conj/Erth      21%        9d4       24%         6
 Olgreb's Toxic Radiance  Alch           6%         N/A       28%         4
 Gell's Gravitas          Tloc           6%         N/A       32%         3
 Teleport Other           Tloc           6%         N/A       32%         3
 Sculpt Simulacrum        Ice/Alch       11%        N/A       91%         6
 Ignition                 Fire           25%        3d9       99%         8


Dungeon Overview and Level Annotations

Branches:
Dungeon (14/15)            Temple (1/1) D:6            Lair (0/5) D:8
    Orc (0/2) D:10         Vaults (0/5) D:13          IceCv (visited)

Altars:
Ashenzari
Cheibriados
Elyvilon
Fedhas
Gozag
Hepliaklqana
Kikubaaqudgha
Makhleb
Nemelex Xobeh
Okawaru
Qazlal
Ru
Sif Muna
Trog
Uskayaw
Vehumet
Wu Jian
Xom
Yredelemnul
Zin
The Shining One

Shops:
D:6 !   D:12 :

Annotations:
D:8 2 transporters
D:12 3 runed translucent doors, Uthaykk's ghost, journeyman TrFi
D:14 Frances


Innate Abilities, Weirdness & Mutations

You are a tree.
Your roots penetrate the ground, keeping you stationary.
You cannot be teleported.
You are immune to unholy pain and torment.
Your maximum health is greatly increased.
Your equipment is partially melded.
You are very small and have problems with some larger weapons.
You are too small for most types of armour.
You have supernaturally acute eyesight. (SInv)
((You cover ground extremely quickly. (Speed+++)))


Message History

Press: ? - help, Shift-Dir - straight line, f/p - Frances
Aim: Frances, wielding a +0 war axe and wearing a +0 ring mail (freezing vapour, lightly wounded, fast, 79% to hit)
You feel a surge of power!
The stone arrow misses Frances.
Frances is engulfed in freezing vapours.
Frances sneers.
Frances is engulfed in freezing vapours.
Frances hits you with a +0 war axe.
Nothing appears to happen.
Frances is engulfed in freezing vapours.
Frances completely misses you.
Unknown command.
Unknown command.
You turn into a tree.
Your scarf of resistance melds into your body.
Your +2 hat melds into your body.
Your +1 steam dragon scales melds into your body.
You feel hot and cold all over.
Your roots penetrate the ground.
Frances is engulfed in freezing vapours.
Frances closely misses you.
Frances is engulfed in freezing vapours.
Frances screams a word of power!
The iron shot hits you!!!
Ouch! That really hurt!
* * * LOW HITPOINT WARNING * * *
You are too injured to fight recklessly!
Okay, then.
Unknown command.
It was a potion of heal wounds.
You feel much better.
Frances is engulfed in freezing vapours.
Frances hits you with a +0 war axe!!
* * * LOW HITPOINT WARNING * * *
You feel much better.
Frances is engulfed in freezing vapours.
Frances mutters in a terrible tongue.
The shard of ice hits you!!
* * * LOW HITPOINT WARNING * * *
Frances is engulfed in freezing vapours.
Frances screams a word of power!
The iron shot hits you!!
You die...

#### ...# ##.# #.# ##.# ...#
##########################.#
................♣@§§§§§§..>#
.#####......#########§§§##.#
.....#......# ....#
#....#......# .....#
#....###.#### #.@..##
#........# #....# #....##..#
#....# #....##..##### #C...#
######...#...#


You could see Frances (fast).

Vanquished Creatures
  3 hydras
  8 vault guards
  Erolcha (D:10)
  An ogre mage (D:10)
  A catoblepas (D:10)
  2 dancing weapons (D:7)
  4 boulder beetles
  A two-headed ogre (D:10)
  A tengu warrior (D:9)
  A skyshark (shapeshifter) (D:14)
  Amaemon (D:8)
  2 bog bodies (IceCv)
  2 ugly things
  3 cyclopes
  An ice statue (IceCv)
  An orange demon (D:8)
  A gargoyle (D:12)
  2 unseen horrors
  A kobold demonologist (D:10)
  An ice devil (IceCv)
  An anaconda simulacrum (IceCv)
  A komodo dragon (D:12)
  3 trolls
  A hornet (D:9)
  8 slime creatures (D:12)
  A vampire (D:11)
  2 dire elephant simulacra (IceCv)
  2 wraiths
  A basilisk (D:9)
  13 yaks
  Grum (D:9)
  3 steam dragons
  9 vampire mosquitoes
  2 harpy simulacra (IceCv)
  2 death yak simulacra (IceCv)
  2 hydra simulacra (IceCv)
  2 acid dragons
  4 water moccasins
  4 orc warriors
  An ice beast (D:5)
  A black bear (D:4)
  2 ogres (D:5)
  4 wolves
  2 centaurs
  2 phantoms
  4 kobold brigands
  A bullfrog (D:8)
  3 two-headed ogre simulacra (IceCv)
  3 scorpions
  A cane toad simulacrum (IceCv)
  10 wights
  17 killer bees
  A howler monkey (D:9)
  2 orc priests (D:6)
  2 bombardier beetles
  A hound (D:4)
  A jelly (D:8)
  2 gnoll boudas
  8 iguanas
  2 sleepcaps (D:6)
  12 orc wizards
  5 spriggan simulacra (IceCv)
  2 polar bear simulacra (IceCv)
  3 troll simulacra (IceCv)
  3 wolf simulacra (IceCv)
  A centaur simulacrum (D:9)
  18 gnolls
  6 naga simulacra (IceCv)
  6 adders
  2 shadow imps (D:6)
  11 white imps
  9 ufetubi
  3 dart slugs
  4 ribbon worms
  26 orcs
  9 bats
  9 endoplasms
  3 giant cockroaches
  17 goblins
  6 hobgoblins
  4 quokkas
  5 ball pythons
  4 frilled lizards
  23 kobolds
  4 rats
365 creatures vanquished.

Vanquished Creatures (others)
  A scorpion (D:5)
  2 bombardier beetles (D:5)
  2 hounds (D:5)
  An orc wizard (D:5)
  An adder (D:5)
  3 orcs (D:5)
  A jackal (D:5)
11 creatures vanquished.

Grand Total: 376 creatures vanquished

Notes
Turn   | Place    | Note
-------+----------+-------------------------------------------
     0 | D:5      | GordonOverkill the Spriggan Delver began the quest for the
                  | Orb.
     0 | D:5      | Reached XP level 1. HP: 11/11 MP: 2/2
     2 | D:5      | Noticed an orc wizard
    49 | D:7      | Noticed a kobold brigand
    49 | D:7      | Noticed a phantom
    68 | D:6      | Noticed a wight
    97 | D:6      | Noticed an iguana
   192 | D:6      | Noticed an iguana
   211 | D:5      | Reached XP level 2. HP: 16/16 MP: 3/3
   323 | D:5      | Reached XP level 3. HP: 20/20 MP: 3/7
   405 | D:5      | Noticed an ogre
   415 | D:5      | Noticed a phantom
   458 | D:5      | Noticed a scorpion
   556 | D:4      | Reached skill level 1 in Conjurations
   602 | D:4      | Reached XP level 4. HP: 24/24 MP: 9/9
   704 | D:4      | Noticed a black bear
  1215 | D:1      | Reached XP level 5. HP: 16/28 MP: 10/10
  2451 | D:3      | Identified the +8 mace "Ixen" {freeze, *Corrode +Blink
                  | rPois Str+5}
  3253 | D:3      | Reached XP level 6. HP: 30/32 MP: 11/11
  3957 | D:4      | Identified the +0 chain mail of Proximity {rElec rC- rN++
                  | MP+9 Dex-4}
  4080 | D:4      | Learned a level 3 spell: Stone Arrow
  4177 | D:4      | Found a white marble altar of Elyvilon.
  4379 | D:5      | Reached skill level 1 in Earth Magic
  4379 | D:5      | Reached XP level 7. HP: 26/36 MP: 12/12
  4635 | D:5      | Found a shimmering altar of Xom.
  4635 | D:5      | Noticed a steam dragon
  4944 | D:5      | HP: 1/36 [steam dragon (3)]
  4949 | D:5      | Killed a steam dragon
  5573 | D:5      | Reached skill level 5 in Conjurations
  5629 | D:5      | Reached XP level 8. HP: 17/40 MP: 9/13
  5810 | D:5      | Reached skill level 5 in Earth Magic
  6259 | D:6      | Reached skill level 5 in Spellcasting
  6260 | D:6      | Reached skill level 1 in Evocations
  7348 | D:6      | Found a staircase to the Ecumenical Temple.
  7385 | D:6      | Found Kitam's Distillery.
  7405 | D:6      | Bought a potion of brilliance for 60 gold pieces
  7405 | D:6      | Bought a potion of cancellation for 120 gold pieces
  8122 | Temple   | Entered the Ecumenical Temple
  8133 | Temple   | Became a worshipper of Vehumet
  8459 | D:6      | Found Kitam's Distillery.
  8484 | D:6      | Reached XP level 9. HP: 44/44 MP: 7/17
  9062 | D:6      | Found a staircase to the Ecumenical Temple.
  9229 | D:7      | Noticed a +0 dagger
  9229 | D:7      | Noticed a +0 hand axe
  9229 | D:7      | Found a hide-covered altar of Uskayaw.
 10465 | D:7      | Learned a level 4 spell: Brom's Barrelling Boulder
 10471 | D:7      | Learned a level 5 spell: Freezing Cloud
 10570 | D:7      | Found a glowing golden altar of the Shining One.
 10671 | D:7      | Reached * piety under Vehumet
 10671 | D:7      | Offered knowledge of Shock by Vehumet.
 10884 | D:7      | Reached skill level 1 in Ice Magic
 10884 | D:7      | Reached skill level 1 in Air Magic
 11290 | D:7      | Killed a +0 dagger
 11291 | D:7      | Reached skill level 2 in Ice Magic
 11291 | D:7      | Reached XP level 10. HP: 38/49 MP: 8/18
 11295 | D:7      | HP: 2/49 [+0 hand axe (5)]
 11297 | D:7      | Killed a +0 hand axe
 11298 | D:7      | Reached skill level 3 in Ice Magic
 11492 | D:8      | Reached skill level 4 in Ice Magic
 11529 | D:8      | Found a transporter.
 11550 | D:8      | Found a staircase to the Lair.
 11593 | D:8      | Noticed a two-headed ogre
 11607 | D:8      | Noticed a boulder beetle
 11704 | D:8      | Noticed a cyclops
 11793 | D:8      | Found a broken altar of Ashenzari.
 11913 | D:8      | Noticed Amaemon
 11913 | D:8      | Noticed an orange demon
 12642 | D:8      | Found a transporter.
 12687 | D:8      | Identified the +2 dire flail "Suamiuv" {elec, Int+4}
 12695 | D:8      | Killed an orange demon
 12696 | D:8      | Reached skill level 5 in Ice Magic
 13061 | D:8      | Killed Amaemon
 13062 | D:8      | Reached skill level 5 in Air Magic
 13193 | D:9      | Noticed Grum
 13309 | D:9      | Killed Grum
 13420 | D:9      | Reached skill level 6 in Ice Magic
 13454 | D:9      | Noticed a skeletal warrior
 13564 | D:8      | Learned a level 3 spell: Passwall
 13597 | D:9      | Noticed a tengu warrior
 13956 | D:9      | Noticed a seven-headed hydra
 13994 | D:9      | Noticed an orc knight
 14003 | D:9      | Reached ** piety under Vehumet
 14003 | D:9      | Offered knowledge of Static Discharge by Vehumet.
 14172 | D:9      | Noticed a skeletal warrior
 14172 | D:9      | Found the +5 scythe "Finisher" {speed, execute}
 14381 | D:8      | Reached XP level 11. HP: 52/53 MP: 2/19
 14579 | D:9      | Killed a seven-headed hydra
 14748 | D:9      | Killed a tengu warrior
 14749 | D:9      | Reached skill level 7 in Ice Magic
 14797 | D:9      | Got Asmodeus's Reference Book on Calid Combat Magic
 15299 | D:10     | Entered Level 10 of the Dungeon
 15581 | D:10     | Noticed a two-headed ogre
 15590 | D:10     | Killed a two-headed ogre
 15767 | D:10     | Found a staircase to the Orcish Mines.
 15907 | D:10     | Reached skill level 8 in Ice Magic
 15993 | D:10     | Noticed Erolcha
 16034 | D:10     | Killed Erolcha
 16178 | D:10     | Noticed a catoblepas
 16210 | D:10     | Killed a catoblepas
 16499 | D:10     | HP: 1/53 [cloud of freezing vapour (2)]
 16923 | D:10     | Noticed an ogre mage
 16926 | D:10     | Paralysed by an ogre mage for 4 turns
 17056 | D:10     | Killed an ogre mage
 17255 | D:11     | Offered knowledge of Momentum Strike by Vehumet.
 17494 | D:11     | Reached *** piety under Vehumet
 17639 | D:11     | Reached XP level 12. HP: 58/58 MP: 14/25
 17644 | D:11     | Identified the +0 chain mail of Tortelloni {+Blink Fly
                  | Int-4}
 17707 | D:11     | Noticed a boulder beetle
 17827 | D:11     | Found a frozen archway.
 17881 | IceCv    | Entered an ice cave
 18456 | IceCv    | Identified the +6 quarterstaff "Xunaun Badgh" {venom, rPois
                  | Str+3 Dex+3}
 18474 | IceCv    | Offered knowledge of Sticky Flame by Vehumet.
 18889 | IceCv    | Reached skill level 9 in Ice Magic
 19168 | IceCv    | Reached **** piety under Vehumet
 19888 | IceCv    | Offered knowledge of Inner Flame by Vehumet.
 20396 | IceCv    | Identified the staff "Killer Klown's Bane" {rF+ rN++ Conj
                  | Fire}
 20602 | IceCv    | Reached skill level 10 in Ice Magic
 20606 | IceCv    | Reached skill level 1 in Fire Magic
 20846 | D:11     | Noticed a boulder beetle
 20860 | D:11     | Killed a boulder beetle
 21179 | D:11     | Killed a boulder beetle
 21613 | D:12     | Learned a level 6 spell: Plasma Beam
 21688 | D:12     | Noticed a seven-headed hydra
 21692 | D:12     | Killed a seven-headed hydra
 22338 | D:12     | Found an opulent altar of Gozag.
 22764 | D:12     | Reached skill level 5 in Fire Magic
 22956 | D:12     | Found Akke's Book Boutique.
 23369 | D:12     | Found a runed translucent gate.
 23369 | D:12     | Found a runed translucent gate.
 23369 | D:12     | Found a runed translucent gate.
 23372 | D:12     | Noticed Uthaykk's ghost (journeyman TrFi)
 24276 | D:13     | Found a gate to the Vaults.
 24276 | D:13     | Noticed a vault guard
 24276 | D:13     | Noticed a vault guard
 24276 | D:13     | Noticed a vault guard
 24277 | D:13     | Noticed a vault guard
 24277 | D:13     | Noticed a vault guard
 24277 | D:13     | Noticed a vault guard
 24277 | D:13     | Noticed a vault guard
 24277 | D:13     | Noticed a vault guard
 24303 | D:12     | Killed a vault guard
 24540 | D:13     | Noticed a six-headed hydra
 24547 | D:13     | Killed a six-headed hydra
 24738 | D:12     | Killed a vault guard
 24940 | D:13     | Killed a vault guard
 24941 | D:13     | Reached XP level 13. HP: 61/61 MP: 11/26
 25139 | D:13     | HP: 1/61 [vault guard/+0 battleaxe (20)]
 26907 | D:14     | Found a broken altar of Ashenzari.
 27296 | D:14     | Noticed Frances
 27308 | D:14     | Killed from afar by Frances

Illustrated notes

Levels and vault maps discovered:
D:1:      erik_arrival_orb_chamber, layout_basic
D:2:      layout_loops_corners
D:3:      layout_loops_corners, nrook_mini_vaults, roderic_batcave
D:4:      layout_rooms, nicolae_elyvilon_temple_path
D:5:      layout_loops_ring, xom_confusion_cloud, minmay_misc_feat_rows
D:6:      layout_basic, minmay_temple_entry_trees, serial_shops, shop
D:7:      layout_cave_pools, mainiacjoe_overflow_tiny_flanked,
          dancing_weapons_uskayaw, kennysheep_generic_room_8
D:8:      gammafunk_the_bubble [the_bubble_gammafunk_crates], layout_rooms,
          mainiacjoe_overflow_six_doors_small, st_stairs_3, uniq_amaemon
D:9:      minmay_chopped_fan, layout_gridville, lemuel_round_altar,
          enter_bailey_3, minmay_guarded_unrand_finisher, uniq_grum
D:10:     layout_basic, orc_0_dummy, glass_columns_c, minmay_misc_feat_columns,
          minmay_three_doors, uniq_erolcha
D:11:     layout_basic, portal_ice_cave_entry_pillars_1
D:12:     layout_loops_corners, gammafunk_ghost_necromancy, serial_shops,
          nicolae_shop_waterfront, grunt_gozag_statues
D:13:     layout_roguey, erik_vaults_2
D:14:     layout_basic, chequers_serial_rivers_large_a,
          ashenzari_conservatory_becter, uniq_josephine, uniq_jorgrun,
          uniq_kirke, uniq_frances
Temple:   lightli_temple_of_artemis

Skill      XL: |  1  2  3  4  5  6  7  8  9 10 11 12 13 |
---------------+----------------------------------------+-----
Fighting       | 3 4 |  4.0
Spellcasting   | 2 3 5 8 |  8.0
Conjurations   | 1 2 3 4 5 6 7 |  7.0
Short Blades   | 3 |  3.0
Earth Magic    | 1 4 6 7 |  7.0
Evocations     | 2 |  2.0
Dodging        | 3 4 |  4.0
Ice Magic      | 2 6 8 10 | 10.0
Air Magic      | 2 6 8 |  8.0
Fire Magic     | 6 8 |  8.8
Stealth        | |  7.2

Action                     |  1- 3 |  4- 6 |  7- 9 | 10-12 | 13-15 || total
---------------------------+-------+-------+-------+-------+-------++-------
  Melee: Short sword       |    12 |    55 |       |       |       ||    67
         Dagger            |       |   124 |       |       |       ||   124
         Mace              |       |    62 |    84 |   112 |       ||   258
         Staff             |       |       |       |    16 |     4 ||    20
  Throw: Dart              |       |     3 |     3 |     3 |       ||     9
   Cast: Stone Arrow       |       |       |   133 |   432 |    40 ||   605
         Freezing Cloud    |       |       |       |     7 |    16 ||    23
         Plasma Beam       |       |       |       |       |     1 ||     1
         Brom's Barrelling |       |       |       |       |     1 ||     1
  Evoke: Wand              |       |       |    12 |    35 |       ||    47
         Lightning rod     |       |       |       |     7 |       ||     7
         Condenser vane    |       |       |       |     1 |     1 ||     2
    Use: Scroll            |       |     7 |     2 |     6 |    14 ||    29
         Potion            |       |       |       |     1 |     3 ||     4
   Stab: Sleeping          |     5 |    18 |     4 |       |       ||    27
         Distracted        |       |     2 |     1 |     1 |       ||     4
         Paralysed         |       |       |    10 |    14 |       ||    24
 Armour: Robe              |     2 |    87 |    91 |    29 |       ||   209
         Steam dragon scal |       |       |       |   111 |    17 ||   128
         Skin              |       |       |       |       |     4 ||     4
  Dodge: Dodged            |     2 |   209 |   151 |   371 |    21 ||   754

Table legend: (Time is in decaauts)
 A = Elapsed time spent in this place.
 B = Non-inter-level travel time spent in this place.
 C = Inter-level travel time spent in this place.
 D = Time resting spent in this place.
 E = Time spent auto-exploring this place.
 F = Levels seen in this place.
 G = Mean time per level.
                   A        B        C        D        E       F      G
               +--------+--------+--------+--------+--------+-----+--------+
         Total |  23313 |  22780 |    533 |  14722 |   4420 |  16 | 1457.1 |
       Dungeon |  20589 |  20063 |    526 |  12626 |   4200 |  14 | 1470.6 |
        Temple |     14 |      8 |      6 |      0 |      0 |   1 |   14.0 |
      Ice Cave |   2709 |   2709 |      0 |   2095 |    220 |   1 | 2709.0 |
               +--------+--------+--------+--------+--------+-----+--------+

Top non-repeatable levels by time:
     D:6: 2869 daAuts
    D:12: 2713 daAuts
   IceCv: 2709 daAuts
     D:5: 2255 daAuts
    D:10: 1892 daAuts
     D:7: 1797 daAuts
    D:13: 1746 daAuts
     D:8: 1637 daAuts
     D:9: 1200 daAuts
    D:11: 1086 daAuts
     D:3: 946 daAuts
     D:2: 741 daAuts
     D:4: 630 daAuts
     D:1: 592 daAuts
    D:14: 480 daAuts
